PCL
VANCOUVER VIPERS @ ALBUQUERQUE ISOTOPES
06/30/2028
 
TOP OF THE 1ST
Vancouver Vipers batting - Pitching for Albuquerque Isotopes : RHP Ron Crawford
Pitching: RHP Ron Crawford
Batting: RHB Quincy Vance 0-0: Swinging Strike
0-1: Ball
1-1: Ball
2-1: Ground out 3-1 (Groundball, 34)
Batting: LHB Brian Ford 0-0: Called Strike
0-1: Ball
1-1: Swinging Strike
1-2: SINGLE (Groundball, 34D)
Batting: LHB Benny Richard 0-0: Grounds into double play, 6-4-3 (Groundball, 6)
Top of the 1st over - 0 run(s), 1 hit(s), 0 error(s), 0 left on base; Vancouver 0 - Albuquerque 0
BOTTOM OF THE 1ST
Albuquerque Isotopes batting - Pitching for Vancouver Vipers : RHP Larry Stewart
Pitching: RHP Larry Stewart
Batting: LHB Fernando Ortíz 0-0: Called Strike
0-1: Foul Ball, location: 2F
0-2: Ball
1-2: Foul Ball, location: 2F
1-2: Ball
2-2: Foul Ball, location: 2F
2-2: Fly out, F9 (Flyball, 89S)
Batting: RHB Jesse McKnight 0-0: SINGLE (Groundball, 34D)
Batting: LHB Bernardo Montés 0-0: Ball
1-0: Foul Ball, location: 2F
1-1: Ground out 4-3 (Groundball, 34)
Jesse McKnight to second
Batting: RHB Will Lott 0-0: Ball
1-0: Fly out, F7 (Flyball, 7S)
Bottom of the 1st over - 0 run(s), 1 hit(s), 0 error(s), 1 left on base; Vancouver 0 - Albuquerque 0
TOP OF THE 2ND
Vancouver Vipers batting - Pitching for Albuquerque Isotopes : RHP Ron Crawford
Batting: LHB Mike Williams 0-0: Foul Ball, location: 2F
0-1: Swinging Strike
0-2: Ball
1-2: Ball
2-2: Fly out, F7 (Line Drive, 7)
Batting: LHB Nick English 0-0: Called Strike
0-1: Ball
1-1: Ball
2-1: Ball
3-1: Foul Ball, location: 2F
3-2: Ground out 4-3 (Groundball, 4)
Batting: LHB Katsumi Morishita 0-0: Ball
1-0: Ball
2-0: Called Strike
2-1: Ball
3-1: Fly out, F8 (Flyball, 89D)
Top of the 2nd over - 0 run(s), 0 hit(s), 0 error(s), 0 left on base; Vancouver 0 - Albuquerque 0
BOTTOM OF THE 2ND
Albuquerque Isotopes batting - Pitching for Vancouver Vipers : RHP Larry Stewart
Batting: LHB José González 0-0: Ball
1-0: Ball
2-0: Ball
3-0: Base on Balls
Batting: LHB Héctor Soto 0-0: Called Strike
0-1: Ball
1-1: Ball
2-1: Foul Ball, location: 2F
2-2: Ball
3-2: Fly out, F7 (Flyball, 78S)
Batting: RHB Brett Bell 0-0: Called Strike
0-1: Ball
1-1: Ball
2-1: Called Strike
2-2: Fly out, F7 (Line Drive, 7LM)
Batting: RHB Sam Wallace 0-0: Called Strike
0-1: Fielders Choice at 2nd, 6-4 (Groundball, 56)
Bottom of the 2nd over - 0 run(s), 0 hit(s), 0 error(s), 0 left on base; Vancouver 0 - Albuquerque 0
TOP OF THE 3RD
Vancouver Vipers batting - Pitching for Albuquerque Isotopes : RHP Ron Crawford
Batting: RHB Walton Smith 0-0: Ball
1-0: Foul Ball, location: 2F
1-1: Ball
2-1: Fly out, F1 (Line Drive, 13S)
Batting: RHB Salvador Medine 0-0: Ball
1-0: Ball
2-0: Ball
3-0: Base on Balls
Batting: RHB Axel Guimont 0-0: Ball
1-0: Foul Ball, location: 2F
1-1: Called Strike
1-2: Ball
2-2: Strikes out looking
Batting: RHB Quincy Vance 0-0: Ball
1-0: Ball
2-0: Called Strike
2-1: Ball
3-1: Swinging Strike
3-2: Fly out, F8 (Line Drive, 8LM)
Top of the 3rd over - 0 run(s), 0 hit(s), 0 error(s), 1 left on base; Vancouver 0 - Albuquerque 0
BOTTOM OF THE 3RD
Albuquerque Isotopes batting - Pitching for Vancouver Vipers : RHP Larry Stewart
Batting: RHB Dave Mullen 0-0: Ball
1-0: Called Strike
1-1: Foul Ball, location: 2F
1-2: Fly out, F8 (Flyball, 8LS)
Batting: LHB Fernando Ortíz 0-0: Ball
1-0: Called Strike
1-1: Fly out, F4 (Popup, 34D)
Batting: RHB Jesse McKnight 0-0: Called Strike
0-1: Ball
1-1: Called Strike
1-2: Fly out, F2 (Popup, 13S)
Bottom of the 3rd over - 0 run(s), 0 hit(s), 0 error(s), 0 left on base; Vancouver 0 - Albuquerque 0
TOP OF THE 4TH
Vancouver Vipers batting - Pitching for Albuquerque Isotopes : RHP Ron Crawford
Batting: LHB Brian Ford 0-0: Ball
1-0: Ball
2-0: Ball
3-0: Called Strike
3-1: Foul Ball, location: 2F
3-2: Strikes out swinging
Batting: LHB Benny Richard 0-0: Ball
1-0: Foul Ball, location: 2F
1-1: DOUBLE (Line Drive, 9D)
Batting: LHB Mike Williams 0-0: TRIPLE (Flyball, 9LM)
Benny Richard scores
Batting: LHB Nick English 0-0: Called Strike
0-1: Ball
1-1: Ball
Wild Pitch!
Mike Williams scores
2-1: Called Strike
2-2: Ball
3-2: SINGLE (Flyball, 9LS)
Batting: LHB Katsumi Morishita 0-0: Ball
1-0: Ball
2-0: Ball
3-0: Base on Balls
Nick English to second
Batting: RHB Walton Smith 0-0: Called Strike
0-1: Called Strike
0-2: Ball
1-2: Ball
2-2: Fly out, F7 (Flyball, 78D)
Batting: RHB Salvador Medine 0-0: Reached on error, E4 (Groundball, 4)
Nick English to third
Katsumi Morishita to second
Batting: RHB Axel Guimont 0-0: Ball
1-0: Called Strike
1-1: Ball
2-1: Foul Ball, location: 2F
2-2: Foul Ball, location: 2F
2-2: Foul Ball, location: 2F
2-2: Ball
3-2: Strikes out looking
Top of the 4th over - 2 run(s), 3 hit(s), 1 error(s), 3 left on base; Vancouver 2 - Albuquerque 0
BOTTOM OF THE 4TH
Albuquerque Isotopes batting - Pitching for Vancouver Vipers : RHP Larry Stewart
Batting: LHB Bernardo Montés 0-0: Foul Ball, location: 2F
0-1: Ball
1-1: Foul Ball, location: 2F
1-2: Strikes out swinging
Batting: RHB Will Lott 0-0: Ball
1-0: Ground out 6-3 (Groundball, 56)
Batting: LHB José González 0-0: Called Strike
0-1: Foul Ball, location: 2F
0-2: Ground out 4-3 (Groundball, 4)
Bottom of the 4th over - 0 run(s), 0 hit(s), 0 error(s), 0 left on base; Vancouver 2 - Albuquerque 0
TOP OF THE 5TH
Vancouver Vipers batting - Pitching for Albuquerque Isotopes : RHP Ron Crawford
Batting: RHB Quincy Vance 0-0: Foul Ball, location: 2F
0-1: Called Strike
0-2: Strikes out swinging
Batting: LHB Brian Ford 0-0: Ball
1-0: Called Strike
1-1: Foul Ball, location: 2F
1-2: Strikes out swinging
Batting: LHB Benny Richard 0-0: Ball
1-0: Ball
2-0: Ball
3-0: Fly out, F7 (Flyball, 7LS)
Top of the 5th over - 0 run(s), 0 hit(s), 0 error(s), 0 left on base; Vancouver 2 - Albuquerque 0
BOTTOM OF THE 5TH
Albuquerque Isotopes batting - Pitching for Vancouver Vipers : RHP Larry Stewart
Batting: LHB Héctor Soto 0-0: Called Strike
0-1: Ball
1-1: Foul Ball, location: 2F
1-2: Strikes out looking
Batting: RHB Brett Bell 0-0: Called Strike
0-1: SINGLE (Groundball, 4MD)
Batting: RHB Sam Wallace 0-0: Grounds into double play, 4-6-3 (Groundball, 4)
Bottom of the 5th over - 0 run(s), 1 hit(s), 0 error(s), 0 left on base; Vancouver 2 - Albuquerque 0
TOP OF THE 6TH
Vancouver Vipers batting - Pitching for Albuquerque Isotopes : RHP Ron Crawford
Batting: LHB Mike Williams 0-0: Fly out, F9 (Flyball, 9S)
Batting: LHB Nick English 0-0: Called Strike
0-1: Ball
1-1: Swinging Strike
1-2: Fly out, F7 (Flyball, 7S)
Batting: LHB Katsumi Morishita 0-0: Ball
1-0: Called Strike
1-1: Fly out, F4 (Popup, 4MS)
Top of the 6th over - 0 run(s), 0 hit(s), 0 error(s), 0 left on base; Vancouver 2 - Albuquerque 0
BOTTOM OF THE 6TH
Albuquerque Isotopes batting - Pitching for Vancouver Vipers : RHP Larry Stewart
Batting: RHB Dave Mullen 0-0: Ball
1-0: SOLO HOME RUN (Line Drive, 9LD), Distance : 379 ft
Batting: LHB Fernando Ortíz 0-0: Ground out 3-1 (Groundball, 34)
Batting: RHB Jesse McKnight 0-0: DOUBLE (Flyball, 78D)
Batting: LHB Bernardo Montés 0-0: Ball
1-0: Called Strike
1-1: Ground out 4-3 (Groundball, 34)
Jesse McKnight to third
Batting: RHB Will Lott 0-0: Called Strike
0-1: Ground out 6-3 (Groundball, 6M)
Bottom of the 6th over - 1 run(s), 2 hit(s), 0 error(s), 1 left on base; Vancouver 2 - Albuquerque 1
TOP OF THE 7TH
Vancouver Vipers batting - Pitching for Albuquerque Isotopes : RHP Ron Crawford
Batting: RHB Walton Smith 0-0: Swinging Strike
0-1: Ball
1-1: Ball
2-1: Fly out, F4 (Popup, 4D)
Pitching: RHP Mike Frank
Batting: RHB Salvador Medine 0-0: Called Strike
0-1: Ground out 4-3 (Groundball, 4)
Batting: RHB Axel Guimont 0-0: Ball
1-0: Called Strike
1-1: Ball
2-1: Ball
3-1: Swinging Strike
3-2: Strikes out swinging
Top of the 7th over - 0 run(s), 0 hit(s), 0 error(s), 0 left on base; Vancouver 2 - Albuquerque 1
BOTTOM OF THE 7TH
Albuquerque Isotopes batting - Pitching for Vancouver Vipers : RHP Larry Stewart
Batting: LHB José González 0-0: Called Strike
0-1: Called Strike
0-2: Ball
1-2: Ball
2-2: Ball
3-2: Foul Ball, location: 2F
3-2: Base on Balls
Batting: LHB Héctor Soto 0-0: Foul Ball, location: 2F
0-1: Swinging Strike
0-2: Foul Ball, location: 2F
0-2: Grounds into double play, 4-6-3 (Groundball, 4M)
Batting: RHB Brett Bell 0-0: Fly out, F9 (Flyball, 9LS)
Bottom of the 7th over - 0 run(s), 0 hit(s), 0 error(s), 0 left on base; Vancouver 2 - Albuquerque 1
TOP OF THE 8TH
Vancouver Vipers batting - Pitching for Albuquerque Isotopes : RHP Mike Frank
Batting: RHB Quincy Vance 0-0: Called Strike
0-1: Ball
1-1: Ball
2-1: SINGLE (Groundball, 56S) (infield hit)
Pinch Runner at 1st Ryan Parrish:
Batting: LHB Brian Ford 0-0: Ball
1-0: Ball
2-0: SINGLE (Groundball, 6D)
Ryan Parrish to second
Batting: LHB Benny Richard 0-0: Ball
1-0: Called Strike
1-1: DOUBLE (Groundball, 5L)
Ryan Parrish scores
Brian Ford to third
Batting: LHB Mike Williams 0-0: Intentional Walk
Pitching: RHP Howard Joyce
Batting: LHB Nick English 0-0: Grounds into fielders choice 4-2 (Groundball, 4)
Benny Richard to third
Mike Williams to second
Batting: LHB Katsumi Morishita 0-0: Ball
1-0: Called Strike
1-1: Grounds into fielders choice 4-2 (Groundball, 4)
Mike Williams to third
Nick English to second
Batting: RHB Walton Smith 0-0: Called Strike
0-1: Swinging Strike
0-2: Ball
1-2: Foul Ball, location: 2F
1-2: Ball
2-2: Foul Ball, location: 2F
2-2: Strikes out swinging
Top of the 8th over - 1 run(s), 3 hit(s), 0 error(s), 3 left on base; Vancouver 3 - Albuquerque 1
BOTTOM OF THE 8TH
Albuquerque Isotopes batting - Pitching for Vancouver Vipers : RHP Larry Stewart
Now in CF: Víctor Arredondo
Batting: RHB Sam Wallace 0-0: Ground out U3 (Groundball, 34S)
Batting: RHB Dave Mullen 0-0: Ground out 4-3 (Groundball, 4)
Batting: LHB Fernando Ortíz 0-0: Ball
1-0: Foul Ball, location: 2F
1-1: Ground out 1-3 (Groundball, 15)
Bottom of the 8th over - 0 run(s), 0 hit(s), 0 error(s), 0 left on base; Vancouver 3 - Albuquerque 1
TOP OF THE 9TH
Vancouver Vipers batting - Pitching for Albuquerque Isotopes : RHP Howard Joyce
Batting: RHB Salvador Medine 0-0: Called Strike
0-1: Ball
1-1: Ball
2-1: Foul Ball, location: 2F
2-2: Ball
3-2: Fly out, F4 (Line Drive, 4M)
Batting: RHB Axel Guimont 0-0: Ball
1-0: Ball
2-0: Called Strike
2-1: Swinging Strike
2-2: Strikes out swinging
Batting: RHB Víctor Arredondo 0-0: Ball
1-0: Called Strike
1-1: Ball
2-1: Foul Ball, location: 2F
2-2: Foul Ball, location: 2F
2-2: Fly out, F9 (Flyball, 9LD)
Top of the 9th over - 0 run(s), 0 hit(s), 0 error(s), 0 left on base; Vancouver 3 - Albuquerque 1
BOTTOM OF THE 9TH
Albuquerque Isotopes batting - Pitching for Vancouver Vipers : RHP Larry Stewart
Pitching: RHP Augusto Herrera
Batting: RHB Jesse McKnight 0-0: SINGLE (Groundball, 4MD)
Batting: LHB Bernardo Montés 0-0: Ball
1-0: Foul Ball, location: 2F
1-1: Ball
2-1: Ball
3-1: Base on Balls
Jesse McKnight to second
Batting: RHB Will Lott 0-0: Called Strike
0-1: Ball
1-1: Foul Ball, location: 2F
1-2: Foul Ball, location: 2F
1-2: SINGLE (Line Drive, 4MD)
Jesse McKnight to third
Bernardo Montés to second
Batting: LHB José González 0-0: Called Strike
0-1: Ball
1-1: Ball
2-1: Ball
3-1: Base on Balls
Jesse McKnight scores
Bernardo Montés to third
Will Lott to second
Batting: LHB Héctor Soto 0-0: Foul Ball, location: 2F
0-1: Ball
1-1: Foul Ball, location: 2F
1-2: Strikes out swinging
Pinch Hitting: RHB Juan Vareas 0-0: Ball
1-0: Called Strike
1-1: Foul Ball, location: 2F
1-2: Strikes out swinging
Pinch Hitting: LHB Juan Carlos Sánchez 0-0: Ball
1-0: Fly out, F8 (Flyball, 8RXD)
Bottom of the 9th over - 1 run(s), 2 hit(s), 0 error(s), 3 left on base; Vancouver 3 - Albuquerque 2
Tuesday, August 8th, 2017 - OOTP Baseball 17.12 Build 75